 Dungeon Crawl Stone Soup version 0.28.0-55-gcd9437bce4 (webtiles) character file.

Game seed: 16123118623097313216

1322615 AarnesTheHuman the Conqueror (level 27, 206/249 HPs)
             Began as a Barachi Ice Elementalist on Jan 10, 2023.
             Was an Initiate of Gozag.
             Escaped with the Orb
             ... and 3 runes on Jan 18, 2023!
             The game lasted 09:43:54 (127410 turns).

AarnesTheHuman the Conqueror (BaIE)               Turns: 127410, Time: 09:43:54

Health: 206/249    AC: 34    Str: 20    XL:     27
Magic:  42/51      EV: 21    Int: 24    God:    Gozag
Gold:   3186       SH: 16    Dex: 25    Spells: 4/74 levels left

rFire   + + .      SeeInvis +   a - +9 double sword (elec)
rCold   + + .      Faith    .   L - +2 buckler {rC+}
rNeg    + + +      Spirit   .   U - +10 pearl dragon scales
rPois   +          Reflect  +   l - -2 hat of the Alchemist {rElec rPois rF+ rC+ rN+ Will+ rMut rCorr}
rElec   +          Harm     .   E - +1 cloak of the Fife {rPois Str+4}
rCorr   +          Rampage  .   f - +3 pair of gauntlets of War {Slay+5}
rMut    +                       N - +0 pair of boots of Starshine {rF+ Will+ Dex+5}
Will    ++++.                   B - amulet of reflection
Stlth   +.........              D - ring "Tubedwog" {Wiz rElec rN+ Dex+8}
HPRegen 0.51/turn               V - ring of see invisible
MPRegen 0.32/turn

@: forested, gold aura, studying Short Blades, slow
A: amphibious, slowness 1, strong legs 2, +LOS, subdued magic 1
0: Orb of Zot
}: 3/15 runes: serpentine, barnacled, silver
a: Hop, Renounce Religion, Potion Petition, Call Merchant, Bribe Branch


You escaped.
You worshipped Gozag.
Gozag was most pleased with you.
You visited 10 branches of the dungeon, and saw 49 of its levels.
You also visited: Gauntlet, Ice Cave, Volcano and Wizlab.

You collected 37430 gold pieces.
You spent 9857 gold pieces at shops.
You paid 24387 gold pieces to Gozag.

Inventory:

Hand Weapons
 a - a +9 double sword of electrocution (weapon)
 b - the +4 hand crossbow "Gyclap" {speed, Will+ Str+3}
   (You found it on level 4 of the Lair of Beasts)

   Attacks with this weapon are significantly faster.
   Str:       It affects your strength (+3).
   Will:      It increases your willpower.
 S - the +11 hand crossbow "Arbiter" {penet, rF+ Str+4}
   (You found it on level 3 of the Elven Halls)

   Any ammunition fired by it passes through the targets it hits, potentially
   hitting all targets in its path until it reaches maximum range.
   Str:       It affects your strength (+4).
   rF:        It protects you from fire.
Missiles
 y - 6 throwing nets
 R - 1470 bolts
Armour
 f - the +3 pair of gauntlets of War (worn) {Slay+5}
   (You bought it in a shop on level 9 of the Dungeon)

   Slay:      It affects your accuracy & damage with ranged weapons and melee
   (+5).
 l - the -2 hat of the Alchemist (worn) {rElec rPois rF+ rC+ rN+ Will+ rMut rCorr}
   (You bought it in a shop on level 8 of the Dungeon)

   rF:        It protects you from fire.
   rC:        It protects you from cold.
   rElec:     It insulates you from electricity.
   rPois:     It protects you from poison.
   rN:        It protects you from negative energy.
   rCorr:     It protects you from acid and corrosion.
   rMut:      It protects you from mutation.
   Will:      It increases your willpower.
 E - the +1 cloak of the Fife (worn) {rPois Str+4}
   (You found it in a Gauntlet)

   Str:       It affects your strength (+4).
   rPois:     It protects you from poison.
 L - a +2 buckler of cold resistance (worn)
 N - the +0 pair of boots of Starshine (worn) {rF+ Will+ Dex+5}
   (You found it in a wizard's laboratory)

   Dex:       It affects your dexterity (+5).
   rF:        It protects you from fire.
   Will:      It increases your willpower.
 P - the +4 cloak of the Unseen Realm {-Tele +Inv rCorr}
   (You acquired it on level 4 of the Realm of Zot)

   +Inv:      It lets you turn invisible.
   -Tele:     It prevents most forms of teleportation.
   rCorr:     It protects you from acid and corrosion.
 U - +10 pearl dragon scales (worn)
Jewellery
 t - the ring "Heinof" {rElec Str+3 Slay+4}
   (You took it off a centaur warrior on level 9 of the Dungeon)

   [ring of slaying]

   Str:       It affects your strength (+3).
   Slay:      It affects your accuracy & damage with ranged weapons and melee
   (+4).
   rElec:     It insulates you from electricity.
 x - a +6 ring of intelligence
 B - an amulet of reflection (around neck)
 D - the ring "Tubedwog" (left hand) {Wiz rElec rN+ Dex+8}
   (You took it off a deep elf knight on level 3 of the Elven Halls)

   [ring of wizardry]

   It improves your spell success rate.
   Dex:       It affects your dexterity (+8).
   rElec:     It insulates you from electricity.
   rN:        It protects you from negative energy.
 O - a ring of protection from cold
 V - a ring of see invisible (right hand)
Wands
 e - a wand of digging (5)
 h - a wand of paralysis (18)
 q - a wand of mindburst (25)
 r - a wand of acid (18)
 v - a wand of charming (6)
 H - a wand of flame (90) (quivered)
 I - a wand of iceblast (39)
Scrolls
 i - 6 scrolls of immolation
 m - 24 scrolls of teleportation
 n - 5 scrolls of fog
 s - a scroll of magic mapping
 A - 3 scrolls of blinking
 C - 3 scrolls of torment
 J - 8 scrolls of fear
 M - 5 scrolls of summoning
 X - a scroll of holy word
Potions
 c - 7 potions of brilliance
 d - 4 potions of cancellation
 g - 3 potions of ambrosia
 j - 23 potions of curing
 k - 4 potions of berserk rage
 o - 11 potions of heal wounds
 u - a potion of flight
 w - 3 potions of invisibility
 z - 8 potions of magic
 F - 5 potions of haste
 K - 2 potions of might
 Q - 12 potions of lignification
 W - 9 potions of mutation
 Z - 3 potions of resistance
Miscellaneous
 p - a phial of floods
 G - a tin of tremorstones (2/2)
 T - a condenser vane
 Y - a phantom mirror


   Skills:
 O Level 27 Fighting
 - Level 16.0 Long Blades
 - Level 5.0 Crossbows
 + Level 16.6 Armour
 + Level 14.6 Dodging
 - Level 6.0 Stealth
 + Level 12.8 Shields
 - Level 24.0 Spellcasting
 - Level 10.0 Conjurations
 - Level 7.0 Hexes
 - Level 18.0 Summonings
 - Level 7.0 Necromancy
 - Level 15.0 Translocations
 - Level 7.0 Transmutations
 - Level 10.0 Ice Magic
 - Level 5.0 Air Magic
 - Level 9.0 Earth Magic
 - Level 7.0 Poison Magic
 - Level 6.0 Evocations


You had 4 spell levels left.
You knew the following spells:

 Your Spells              Type           Power      Damage    Failure   Level
a - Freeze                Ice            100%       1d11      1%          1
b - Frozen Ramparts       Ice            100%       1d12      1%          3
c - Ozocubu's Armour      Ice            56%        N/A       1%          3
d - Poisonous Vapours     Pois/Air       88%        N/A       1%          2
e - Iron Shot             Conj/Erth      27%        9d6       3%          6
f - Summon Guardian Gole  Hex/Summ       62%        N/A       1%          3
g - Passage of Golubria   Tloc           67%        N/A       1%          4
h - Summon Forest         Summ/Tloc      35%        N/A       1%          5
i - Passwall              Tmut/Erth      42%        N/A       1%          2
j - Swiftness             Air            40%        N/A       1%          3
k - Olgreb's Toxic Radia  Pois           48%        N/A       1%          4
l - Summon Mana Viper     Hex/Summ       62%        N/A       1%          5
m - Lee's Rapid Deconstr  Erth           26%        3d15*     1%          5
n - Summon Cactus Giant   Summ           36%        N/A       1%          6
o - Summon Lightning Spi  Summ/Air       59%        N/A       1%          4
p - Malign Gateway        Summ/Tloc      35%        N/A       1%          7
q - Blink                 Tloc           100%       N/A       0%          2
r - Borgnjor's Vile Clut  Necr/Erth      25%        N/A       1%          5

Your spell library contained the following spells:

 Spells                   Type           Power      Damage    Failure   Level
 Apportation              Tloc           100%       N/A       0%          1
 Summon Small Mammal      Summ           100%       N/A       0%          1
 Gell's Gravitas          Tloc           67%        N/A       0%          3
 Lesser Beckoning         Tloc           67%        N/A       0%          3
 Teleport Other           Tloc           67%        N/A       0%          3
 Animate Skeleton         Necr           96%        N/A       1%          1
 Beastly Appendage        Tmut           96%        N/A       1%          1
 Pain                     Necr           100%       1d9       1%          1
 Sandblast                Erth           100%       2d20      1%          1
 Shock                    Conj/Air       100%       1d9       1%          1
 Slow                     Hex            100%       N/A       1%          1
 Sting                    Tmut/Pois      100%       1d8       1%          1
 Corpse Rot               Necr/Air       88%        N/A       1%          2
 Ensorcelled Hibernation  Hex/Ice        100%       N/A       1%          2
 Static Discharge         Conj/Air       49%        N/A       1%          2
 Sublimation of Blood     Necr           48%        N/A       1%          2
 Wereblood                Tmut           48%        N/A       1%          2
 Confusing Touch          Hex            48%        N/A       1%          3
 Conjure Flame            Conj/Fire      40%        6-21      1%          3
 Ignite Poison            Fire/Tmut/Pois 39%        N/A       1%          3
 Mephitic Cloud           Conj/Pois/Air  49%        N/A       1%          3
 Portal Projectile        Hex/Tloc       100%       N/A       1%          3
 Spider Form              Tmut/Pois      48%        N/A       1%          3
 Tukima's Dance           Hex            48%        N/A       1%          3
 Vampiric Draining        Necr           48%        2d9       1%          3
 Airstrike                Air            20%        N/A       1%          4
 Anguish                  Hex/Necr       24%        N/A       1%          4
 Animate Armour           Summ/Erth      100%       N/A       1%          4
 Dispel Undead            Necr           48%        3d18      1%          4
 Hailstorm                Conj/Ice       56%        3d12      1%          4
 Ice Form                 Ice/Tmut       52%        N/A       1%          4
 Leda's Liquefaction      Hex/Erth       25%        N/A       1%          4
 Sticky Flame             Conj/Fire      40%        2d6       1%          4
 Agony                    Necr           48%        N/A       1%          5
 Alistair's Intoxication  Tmut/Pois      32%        N/A       1%          5
 Blade Hands              Tmut           24%        N/A       1%          5
 Excruciating Wounds      Necr           24%        N/A       1%          5
 Irradiate                Conj/Tmut      26%        3d22      1%          5
 Iskenderun's Battlesphe  Conj           56%        2d11      1%          5
 Lightning Bolt           Conj/Air       24%        1d40      1%          5
 Manifold Assault         Tloc           67%        N/A       1%          5
 Metabolic Englaciation   Hex/Ice        26%        N/A       1%          5
 Yara's Violent Unravell  Hex/Tmut       24%        3d11      1%          5
 Dispersal                Tloc           33%        N/A       1%          6
 Summon Hydra             Summ           36%        N/A       1%          7
 Silence                  Hex/Air        22%        N/A       2%          5
 Spellforged Servitor     Conj/Summ      32%        N/A       3%          7
 Fireball                 Conj/Fire      20%        3d10      4%          5
 Summon Horrible Things   Summ           36%        N/A       4%          8
 Simulacrum               Ice/Necr       26%        N/A       5%          6
 Statue Form              Tmut/Erth      34%        N/A       7%          6
 Conjure Ball Lightning   Conj/Air       24%        3x3d7     9%          6
 Death Channel            Necr           24%        N/A       11%         6
 Eringya's Noxious Bog    Tmut/Pois      24%        N/A       11%         6
 Orb of Destruction       Conj           28%        9d9       16%         7
 Ozocubu's Refrigeration  Ice            28%        4d10      16%         7
 Dragon Form              Tmut           24%        N/A       50%         7
 Enfeeble                 Hex            24%        N/A       50%         7
 Storm Form               Tmut/Air       22%        N/A       63%         7
 Lehudib's Crystal Spear  Conj/Erth      27%        10d7      83%         8
 Ignition                 Fire           11%        3d5       100%        8
 Maxwell's Capacitive Co  Air            20%        ∞         100%        8
 Death's Door             Necr           24%        N/A       100%        9
 Shatter                  Erth           26%        3d22*     100%        9


Dungeon Overview and Level Annotations

Branches:
Dungeon (15/15)            Temple (1/1) D:6            Lair (6/6) D:8
 Shoals (4/4) Lair:2        Snake (4/4) Lair:4        Slime (0/5) Lair:5
    Orc (2/2) D:11            Elf (3/3) Orc:2        Vaults (5/5) D:14
  Crypt (0/3) Vaults:2     Depths (4/4) D:15            Zot (5/5) Depths:4
  IceCv (visited)         Volcano (visited)          WizLab (visited)
Gauntlet (visited)

Altars:
Ashenzari
Cheibriados
Dithmenos
Elyvilon
Fedhas
Gozag
Hepliaklqana
Kikubaaqudgha
Makhleb
Nemelex Xobeh
Okawaru
Qazlal
Ru
Sif Muna
Trog
Uskayaw
Vehumet
Wu Jian
Xom
Yredelemnul
Zin
The Shining One
Beogh
Jiyva

Shops:
D:1 (   D:3 (   D:6 [[   D:8 [[   D:9 *   D:11 =*??=::   Orc:1 *   Orc:2 (=[*
Elf:2 =(*:   Shoals:3 [   Snake:1 !   Snake:4 :[   Depths:3 ::=

Portals:
Hell: Depths:1 Depths:2 Depths:3 Depths:4
Abyss: Depths:3 Depths:4
Pandemonium: Depths:2
Ziggurat: Depths:1
Trove: D:13 (give +4 fire dragon scales)

Annotations:
Lair:4 exclusion: downstairs
Lair:5 exclusion: downstairs
Shoals:3 exclusion: downstairs, Roxanne
Snake:3 exclusion: downstairs
Elf:1 exclusion: downstairs
Elf:2 3 runed translucent doors, exclusion: 3 doors
Vaults:2 exclusion: 2 downstairs


Innate Abilities, Weirdness & Mutations

You are amphibious.
You cover ground slowly.
You can hop long distances.
You have an extended range of vision and can be seen from far away.
Your spells are a little easier to cast, but a little less powerful.


Message History

You block the Orb Guardian's attack.
You barely miss the Orb Guardian. You block the Orb Guardian's attack.
The Orb Guardian hits you!
You hit the Orb Guardian but do no damage.
You block the Orb Guardian's attack.
The Orb Guardian hits you but does no damage.
Your eldritch tentacle slaps the Orb Guardian.
Your eldritch tentacle draws strength from the Orb Guardian's injuries!
Your eldritch tentacle claws the Orb Guardian!
An Ice Fiend comes into view.
Your eldritch tentacle slaps the Orb Guardian but does no damage.
Your eldritch tentacle misses the Orb Guardian.
You block the Orb Guardian's attack.
Your eldritch tentacle slaps the Orb Guardian!
Your eldritch tentacle claws the Orb Guardian.
The Orb Guardian flickers and vanishes for a moment.
You block the Orb Guardian's attack.
Your eldritch tentacle slaps the Orb Guardian!!
Your eldritch tentacle freezes the Orb Guardian!
Your eldritch tentacle claws the Orb Guardian!!!
The Orb Guardian dies!
There is a staircase leading out of the dungeon here.
Casting: Malign Gateway (mildly dangerous; 1% risk of failure)
Confirm with . or Enter, or press ? or * to list all spells.
A forested plane collides here with a resounding crunch!
Your dryad calls out to the forest.
The forest starts to sway and rumble!
You block the Ice Fiend's attack. The Ice Fiend claws you!
The Ice Fiend freezes you! You resist.
Your eldritch tentacle slaps the Ice Fiend!!
The Ice Fiend is engulfed in flames!!
The Ice Fiend is burned terribly!
Your eldritch tentacle claws the Ice Fiend!
The Ice Fiend suddenly seems more agile.
The Ice Fiend claws your eldritch tentacle!
The Ice Fiend freezes your eldritch tentacle.
Your eldritch tentacle completely resists.
The Ice Fiend claws your eldritch tentacle.
The Ice Fiend freezes your eldritch tentacle.
Your eldritch tentacle completely resists.
Your dryad barely misses the Ice Fiend.
You have escaped!

....'.#### #...#############.##
....###..♣##♣###.#
####♣###†##... ....#
##.....#♣♣♣♣##......#..####
....###.1.≈≈....≈≈.♣♣≈.#.....#
....##..#.♣..≈≈≈≈≈.≈≈...######
....#..###.≈≈≈≈≈≈.≈≈.≈≈...###
......##..≈≈≈≈≈≈.≈≈≈≈≈≈♣.#..#
.......#.≈≈≈≈≈≈w1≈≈≈≈≈≈≈..###
...#.####.≈≈≈≈│$@R≈≈≈≈≈.##.##
...#####..≈≈≈≈│≈≈.≈≈≈≈≈≈.##.###
...#
#.≈≈≈.≈≈≈≈\.≈≈≈.≈≈≈..#...##
...#
#≈≈≈≈≈.≈≈≈.*≈≈≈≈...≈.##...#
...#
#.≈≈≈≈≈.≈.≈≈≈≈≈.♣♣....#.#.#
...#
##..≈≈.....≈.....♣..###.#.#
...# ##..≈≈.#♣♣.#♣#.#.#..####.#
...# ###♣≈♣#.)♣♣ ##♣♣###.†.#.#
...#####################
#####.#


You could see a Brimstone Fiend, an Ice Fiend (agile, ally target), a friendly
eldritch tentacle and a friendly dryad (summoned).

Vanquished Creatures
  Mara (Shoals:3)
  2 ancient liches (Zot:5)
  An orb of fire (Zot:5)
  Xtahua (Vaults:5)
  Saint Roka (Elf:2)
  Vashnia (Snake:4)
  4 curse toes
  A caustic shrike (Depths:4)
  The ghost of Morar the Executioner, a veteran PaBe of Trog (Depths:1)
  9 golden dragons
  Nikola (Snake:3)
  A bone dragon (Depths:4)
  2 electric golems
  Rupert (D:15)
  7 tentacled monstrosities
  An Ice Fiend (Depths:1)
  7 Orb Guardians (Zot:5)
  A walking frostbound tome (Depths:2)
  2 deep elf master archers (Elf:3)
  2 liches
  6 quicksilver dragons
  5 titans
  4 sphinxes
  Gastronok (D:10)
  A death cob (Zot:2)
  Polyphemus (Shoals:2)
  2 tengu reavers
  3 shadow dragons
  6 nagarajas
  9 storm dragons
  Ilsuiw (Shoals:2)
  A draconian knight (Zot:3)
  11 fire giants
  A draconian monk (Depths:4)
  2 balrugs
  6 frost giants
  5 orc warlords
  3 deep elf sorcerers
  2 iron dragons
  Aizul (Shoals:2)
  A deep elf elementalist (Elf:3)
  4 ghost moths
  10 vault wardens
  A draconian stormcaller (Zot:4)
  3 spriggan defenders
  A ghoul (Vaults:2)
  A reaper (Depths:1)
  22 ironbound preservers
  32 very ugly things
  A caustic shrike skeleton (Depths:4)
  5 stone giants
  8 ironbound thunderhulks
  3 deep elf demonologists (Elf:3)
  A black draconian (Zot:2)
  An eleionoma (shapeshifter) (D:14)
  8 deep elf annihilators
  4 green draconians
  A white draconian (Zot:4)
  4 spark wasps
  2 vampire knights
  A yellow draconian (Zot:2)
  3 minotaurs
  12 dire elephants
  An entropy weaver (shapeshifter) (Vaults:3)
  3 purple draconians
  4 entropy weavers
  6 deep elf death magi
  Snorg (D:12)
  2 merfolk javelineers
  4 crystal guardians
  12 ettins
  A jiangshi (Vaults:2)
  5 fire dragons
  3 merfolk impalers
  3 great orbs of eyes
  10 yaktaur captains
  16 naga warriors
  2 deep elf high priests
  10 hydras
  2 ice dragons
  6 boulder beetles
  9 ironbound frosthearts
  3 ogre magi
  5 peacekeepers
  12 vault guards
  Erolcha (D:9)
  4 salamander tyrants
  A juggernaut simulacrum (Depths:4)
  3 merfolk avatars
  An anaconda (shapeshifter) (Vaults:5)
  28 death yaks
  12 anacondas
  22 centaur warriors
  4 alligator snapping turtles
  2 satyrs (Shoals:4)
  3 spriggan air magi
  6 tengu warriors
  5 two-headed ogres
  5 catoblepae
  3 death knights
  A hell hog (Gauntlet)
  3 merfolk aquamancers
  2 thrashing horrors (Gauntlet)
  7 deep troll earth magi
  4 deep troll shamans
  An orc high priest (Orc:2)
  A shock serpent (shapeshifter) (Depths:1)
  2 spriggan berserkers
  3 shock serpents
  Sonja (D:10)
  15 naga sharpshooters
  11 skeletal warriors
  4 hell knights
  Nergalle (D:10)
  7 iron trolls
  2 fire crabs
  11 deep elf knights
  3 sun demons (Depths:1)
  A salamander mystic (Snake:4)
  A shadow wraith (Vaults:3)
  14 sea snakes
  2 glowing orange brains
  2 flayed ghosts
  59 deep trolls
  7 naga ritualists
  A necromancer (Vaults:3)
  8 lindwurms
  10 wizards
  13 deep elf archers
  20 ironbound convokers
  A harpy (shapeshifter) (Vaults:5)
  4 phantasmal warriors
  16 harpies
  14 orc knights
  2 wolf spiders
  6 mana vipers
  24 deep elf zephyrmancers
  A shadow dragon skeleton (Depths:4)
  44 ugly things
  16 deep elf pyromancers
  8 orc sorcerers
  11 manticores
  12 cyclopes
  16 salamanders
  9 fauns
  Joseph (D:9)
  5 elephants (Lair:2)
  Maurice (D:9)
  32 black mambas
  8 guardian serpents
  2 molten gargoyles (Volcano)
  A black mamba (shapeshifter) (Elf:2)
  5 merfolk sirens
  13 naga magi
  17 moths of wrath
  5 water nymphs
  13 vault sentinels
  A hellion (D:13)
  A minotaur zombie (Gauntlet)
  An unseen horror (D:12)
  4 centaur skeletons (D:14)
  2 gargoyles
  A smoke demon (Depths:3)
  An orange demon (Depths:2)
  Maggie (D:7)
  A kobold demonologist (D:14)
  16 cane toads
  3 freezing wraiths
  5 rime drakes
  2 efreet
  30 yaktaurs
  3 tengu conjurers
  A demonic crawler (D:6)
  6 komodo dragons
  22 merfolk
  A troll (shapeshifter) (D:13)
  4 meliai
  A nameless horror (Depths:2)
  9 hornets
  A shadow dragon simulacrum (Depths:4)
  5 wind drakes
  16 polar bears
  Prince Ribbit (D:9)
  A tengu simulacrum (Vaults:3)
  9 trolls
  A hornet (shapeshifter) (Elf:3)
  2 raiju (Depths:4)
  A tarantella (Zot:1)
  13 blink frogs
  6 snapping turtles
  22 slime creatures
  10 dream sheep
  2 jumping spiders (Zot:1)
  4 spriggans
  A centaur simulacrum (D:15)
  2 meliai zombies (D:11)
  5 wraiths
  A culicivora (Vaults:5)
  11 water elementals
  A jumping spider (shapeshifter) (D:14)
  4 air elementals
  2 fire elementals
  103 yaks
  2 wyverns
  5 basilisks
  5 fire bats
  3 golden eyes (Depths:1)
  6 steam dragons
  7 redbacks
  8 vampire mosquitoes
  A redback simulacrum (D:15)
  3 wargs
  35 nagas
  An acid dragon (D:11)
  8 hell hounds
  18 water moccasins
  4 small abominations
  3 floating eyes
  31 orc warriors
  2 necrophages
  2 ice beasts
  2 black bears
  A human zombie (Vaults:3)
  5 ogres
  29 wolves
  6 boggarts
  30 centaurs
  2 phantoms (D:7)
  7 kobold brigands
  Blork the orc (Orc:2)
  9 bullfrogs
  5 scorpions
  8 earth elementals
  2 gnoll sergeants
  A water moccasin skeleton (D:4)
  A killer bee (D:9)
  18 wights
  10 howler monkeys
  7 electric eels
  6 lava snakes (Volcano)
  3 centaur zombies
  A jelly (D:6)
  2 hounds
  20 orc priests
  2 bullfrog skeletons
  2 gnoll shamans
  Terence (D:1)
  Natasha (thrice) (D:4)
  3 iguanas (D:5)
  30 orc wizards
  6 lightning spires
  Ijyb (D:5)
  4 hell rats
  A killer bee zombie (D:7)
  4 adders
  13 gnolls
  2 white imps
  An ufetubus (D:4)
  2 worms
  2 dart slugs
  51 orcs
  3 endoplasms
  3 giant cockroaches
  7 goblins
  2 hobgoblins (D:2)
  2 jackals (D:5)
  23 kobolds
  3 quokkas
  6 ball pythons
  4 bats
  A frilled lizard (D:2)
  7 rats
  3 ball lightnings (Depths:4)
1823 creatures vanquished.

Vanquished Creatures (collateral kills)
  A dread lich (Zot:5)
  An ancient lich (Zot:5)
  A juggernaut (Depths:4)
  Mennas (Vaults:4)
  Frederick (Vaults:5)
  7 Killer Klowns (Zot:5)
  3 curse toes
  7 golden dragons
  5 caustic shrikes
  Jory (Vaults:5)
  2 electric golems
  2 bone dragons (Depths:4)
  8 tentacled monstrosities
  A walking crystal tome (Depths:2)
  2 titans
  A lich (Depths:3)
  16 Orb Guardians
  2 deep elf blademasters (Elf:3)
  A quicksilver dragon (Zot:4)
  4 sphinxes
  3 eldritch tentacles
  8 death cobs
  6 tengu reavers
  6 shadow dragons
  9 storm dragons
  4 draconian monks
  An iron dragon (Vaults:4)
  3 fire giants
  2 draconian knights (Zot:5)
  11 frost giants
  4 draconian scorchers
  4 ghost moths
  6 vault wardens
  5 deep elf sorcerers
  A deep elf elementalist (Elf:3)
  A draconian stormcaller (Zot:1)
  3 draconian shifters
  2 ironbound preservers
  A draconian annihilator (Zot:2)
  11 stone giants
  A spriggan defender (Depths:2)
  A vampire knight (Depths:2)
  2 war gargoyles
  4 green draconians
  16 very ugly things
  3 black draconians (Zot:3)
  An ironbound thunderhulk (Vaults:4)
  9 yellow draconians
  A minotaur (Shoals:4)
  4 deep elf annihilators
  8 spark wasps
  7 purple draconians
  8 red draconians
  3 deep elf demonologists (Elf:3)
  3 white draconians
  A dire elephant (Vaults:3)
  7 ettins
  5 fire dragons
  2 deep elf death magi (Elf:3)
  3 great orbs of eyes
  2 yaktaur captains (Vaults:5)
  3 deep elf high priests (Vaults:5)
  2 peacekeepers
  7 ice dragons
  19 vault guards
  3 ogre magi
  2 spriggan air magi (Depths:2)
  8 rakshasas
  2 ghost crabs (Depths:4)
  2 merfolk avatars (Shoals:4)
  2 ironbound frosthearts
  7 dancing weapons
  7 satyrs (Shoals:4)
  5 tengu warriors
  A two-headed ogre (Vaults:5)
  A satyr (shapeshifter) (Depths:2)
  An orc high priest (Elf:1)
  6 deep troll shamans
  7 deep troll earth magi
  4 hell knights (Depths:3)
  2 spriggan berserkers (Depths:2)
  6 deep elf knights
  A sun demon (Depths:2)
  2 sea snakes (Shoals:4)
  2 iron trolls
  15 deep trolls
  A shadow wraith (Vaults:5)
  A flayed ghost (Depths:1)
  A glowing orange brain (shapeshifter) (Depths:2)
  A glowing orange brain (Depths:2)
  5 wizards
  An orb spider (Zot:1)
  3 phantasmal warriors (Vaults:5)
  2 harpies (Shoals:4)
  4 deep elf archers
  An orc knight (Vaults:4)
  A lindwurm (shapeshifter) (Vaults:5)
  A golden dragon skeleton (Depths:4)
  A necromancer (Depths:2)
  10 deep elf zephyrmancers
  6 ironbound convokers
  6 deep elf pyromancers
  A mana viper (shapeshifter) (Depths:2)
  4 fauns (Shoals:4)
  2 orc sorcerers (Elf:2)
  15 ugly things
  A salamander (WizLab)
  A wolf spider (Depths:4)
  5 manticores
  10 moths of wrath
  2 merfolk sirens (Shoals:4)
  A smoke demon (Depths:3)
  2 gargoyles (WizLab)
  An orange demon (Depths:2)
  2 molten gargoyles (WizLab)
  A torpor snail (shapeshifter) (Depths:3)
  2 naga magi (Depths:4)
  2 vault sentinels (Vaults:5)
  A yaktaur (Vaults:5)
  A demonic crawler (Zot:5)
  A tormentor (Zot:3)
  5 tengu conjurers
  A golden dragon simulacrum (Depths:4)
  A hellion (Depths:2)
  2 merfolk (Shoals:4)
  2 meliai (shapeshifter)
  2 wind drakes (Shoals:4)
  A snapping turtle (Shoals:4)
  2 tyrant leeches (shapeshifter)
  3 slime creatures
  A ynoxinul (Depths:2)
  2 water elementals
  4 air elementals
  2 jumping spiders
  A hog (Depths:4)
  2 basilisks (Depths:4)
  5 redbacks
  2 floating eyes
  A nameless horror (Depths:4)
  A small abomination (Depths:4)
  An ice beast (Depths:4)
  2 ogres (Vaults:5)
  An earth elemental (Depths:4)
  A vampire bat (Depths:4)
511 creatures vanquished.

Vanquished Creatures (others)
  An orb of fire (Zot:5)
  A Killer Klown (Zot:5)
  A golden dragon (Zot:5)
  6 tentacled monstrosities
  A walking earthen tome (Depths:2)
  3 Orb Guardians (Zot:5)
  A quicksilver dragon (Zot:3)
  A titan (Vaults:5)
  A death cob (Zot:4)
  A storm dragon (Zot:3)
  A shadow dragon (Zot:1)
  93 eldritch tentacles
  4 draconian monks
  2 draconian knights (Zot:3)
  4 fire giants
  A ghost moth (Zot:3)
  A draconian scorcher (Zot:3)
  A draconian shifter (Zot:4)
  4 green draconians
  5 draconian annihilators
  3 black draconians
  2 purple draconians
  A red draconian (Zot:3)
  3 yellow draconians
  2 white draconians (Zot:5)
  A ghost crab (Depths:4)
  A spriggan air mage (Depths:2)
  12 dancing weapons
  2 satyrs (Shoals:4)
  A spriggan berserker (Depths:2)
  A deep troll (Depths:2)
  3 harpies (Shoals:4)
  A fire giant zombie (Vaults:3)
  A manticore (D:15)
  3 moths of wrath
  2 ugly things (Depths:2)
  A merfolk siren (Shoals:4)
  A tarantella (Zot:1)
  A merfolk (Shoals:4)
  A naga (Snake:3)
  An orc warrior (Elf:2)
  A nameless horror (WizLab)
  A ball lightning (Depths:4)
  A bush (Lair:6)
  4 demonic plants (Gauntlet)
  22 fungi
  181 plants
  32 snaplasher vines
419 creatures vanquished.

Grand Total: 2753 creatures vanquished

Notes
Turn   | Place    | Note
-------+----------+-------------------------------------------
     0 | D:1      | AarnesTheHuman the Barachi Ice Elementalist began the quest
                  | for the Orb.
     0 | D:1      | Reached XP level 1. HP: 13/13 MP: 3/3
   298 | D:1      | Reached skill level 5 in Ice Magic
   341 | D:1      | Reached XP level 2. HP: 18/19 MP: 0/5
   578 | D:1      | Found Bywiyfump's Antique Weapon Shop.
  1315 | D:2      | Reached XP level 3. HP: 24/24 MP: 1/7
  1319 | D:2      | Learned a level 3 spell: Frozen Ramparts
  1323 | D:2      | Learned a level 3 spell: Ozocubu's Armour
  1453 | D:2      | Noticed Terence
  1489 | D:1      | Killed Terence
  1490 | D:1      | Reached XP level 4. HP: 13/30 MP: 2/9
  2398 | D:2      | Reached XP level 5. HP: 36/36 MP: 6/11
  2733 | D:3      | Reached skill level 1 in Armour
  2734 | D:3      | Reached skill level 1 in Fighting
  2898 | D:3      | Found Soicuv's Weapon Emporium.
  3184 | D:3      | Found a faded altar of an unknown god.
  3505 | D:4      | Noticed an ice beast
  3635 | D:4      | Reached skill level 2 in Fighting
  3754 | D:4      | Noticed Natasha
  3758 | D:4      | Killed Natasha
  3779 | D:4      | Noticed Natasha
  3790 | D:4      | Killed Natasha
  3791 | D:4      | Reached skill level 3 in Fighting
  3939 | D:4      | Noticed a kobold brigand
  4000 | D:4      | Reached XP level 6. HP: 46/47 MP: 8/12
  4025 | D:4      | Noticed Natasha
  4034 | D:4      | Killed Natasha
  4158 | D:4      | Found a shadowy altar of Dithmenos.
  4158 | D:4      | Found a glowing silver altar of Zin.
  4159 | D:4      | Found a shimmering blue altar of Sif Muna.
  4326 | D:3      | Killed an ice beast
  4327 | D:3      | Reached skill level 4 in Fighting
  4327 | D:3      | Reached skill level 5 in Spellcasting
  5163 | D:4      | Found a faded altar of an unknown god.
  5209 | D:5      | Entered Level 5 of the Dungeon
  5305 | D:5      | Reached XP level 7. HP: 54/54 MP: 6/14
  5512 | D:5      | Noticed Ijyb
  5521 | D:5      | Killed Ijyb
  6033 | D:5      | Reached skill level 5 in Fighting
  6037 | D:5      | Learned a level 2 spell: Poisonous Vapours
  6327 | D:5      | Reached XP level 8. HP: 51/62 MP: 8/17
  6609 | D:4      | Found a hazy altar of Hepliaklqana.
  6614 | D:4      | Reached skill level 1 in Air Magic
  6614 | D:4      | Reached skill level 1 in Poison Magic
  6830 | D:6      | Found Xuememp's Antique Armour Shoppe.
  7243 | D:6      | Found Qoavuf Elao's Antique Armour Boutique.
  7542 | D:5      | Reached skill level 6 in Fighting
  7905 | D:6      | Found a staircase to the Ecumenical Temple.
  8009 | Temple   | Entered the Ecumenical Temple
  8234 | Temple   | Became a worshipper of Gozag Ym Sagoz the Greedy
  8309 | D:6      | Reached skill level 1 in Evocations
  8500 | D:6      | Found a stormy altar of Qazlal.
  9682 | D:6      | Bought a runed buckler for 195 gold pieces
  9702 | D:6      | Reached skill level 7 in Fighting
  9757 | D:6      | Reached XP level 9. HP: 37/63 MP: 7/19
 10700 | D:7      | Noticed Maggie
 10714 | D:7      | Killed Maggie
 10900 | D:8      | Reached skill level 5 in Shields
 10984 | D:6      | Bought a pitted cloak for 218 gold pieces
 10984 | D:6      | Identified the +1 cloak "Dituif" {-Tele +Inv Will- Str+9}
                  | (You bought it in a shop on level 6 of the Dungeon)
 11159 | D:8      | Reached skill level 8 in Fighting
 11167 | D:8      | Noticed a gargoyle
 11176 | D:8      | Killed a gargoyle
 11182 | D:8      | Learned a level 4 spell: Hailstorm
 11288 | D:8      | Noticed a purple ugly thing
 11298 | D:8      | Killed a purple ugly thing
 11299 | D:8      | Reached XP level 10. HP: 72/82 MP: 3/22
 11518 | D:8      | Reached skill level 9 in Fighting
 11955 | D:8      | Found a staircase to the Lair.
 11967 | Lair:1   | Entered Level 1 of the Lair of Beasts
 11969 | Lair:1   | Identified a scroll of acquirement
 11969 | Lair:1   | Acquired a +2 pair of gloves of stealth
 12042 | Lair:1   | Noticed a cane toad
 12051 | Lair:1   | Killed a cane toad
 12087 | Lair:1   | Noticed a cane toad
 12106 | Lair:1   | Killed a cane toad
 12181 | Lair:1   | Noticed an eight-headed hydra
 12444 | Lair:1   | Noticed a cane toad
 12453 | Lair:1   | Killed a cane toad
 12544 | Lair:1   | Reached skill level 5 in Conjurations
 12998 | Lair:1   | Reached XP level 11. HP: 89/89 MP: 19/24
 13616 | Lair:1   | Killed an eight-headed hydra
 14076 | D:1      | Bought a pitted long sword for 170 gold pieces
 14076 | D:1      | Identified the +4 long sword of Interdependent Arising
                  | {drain, Fly rPois Str+5 Int+4} (You bought it in a shop on
                  | level 1 of the Dungeon)
 14341 | Lair:2   | Reached skill level 1 in Long Blades
 14352 | Lair:2   | Acquired 800 gold pieces
 14399 | Lair:2   | Reached skill level 10 in Fighting
 14463 | Lair:2   | Reached skill level 10 in Spellcasting
 14470 | Lair:2   | Noticed a fire crab
 14828 | Lair:2   | Reached skill level 5 in Long Blades
 15187 | Lair:2   | Killed a fire crab
 15483 | Lair:2   | Reached XP level 12. HP: 83/97 MP: 20/26
 16217 | Lair:2   | Reached skill level 5 in Armour
 16304 | Lair:2   | Found a staircase to the Shoals.
 16473 | Lair:2   | Noticed a five-headed hydra
 16481 | Lair:2   | Killed a five-headed hydra
 17335 | Lair:2   | Reached skill level 11 in Fighting
 17466 | Lair:2   | Reached skill level 5 in Dodging
 18033 | Lair:3   | Noticed a four-headed hydra
 18114 | Lair:3   | Killed a four-headed hydra
 18115 | Lair:3   | Gained mutation: You can hop long distances. [Barachi
                  | growth]
 18115 | Lair:3   | Reached XP level 13. HP: 94/106 MP: 15/28
 19071 | Lair:4   | Reached skill level 12 in Fighting
 19539 | Lair:4   | Identified the +4 hand crossbow "Gyclap" {speed, Will+
                  | Str+3}
 19840 | Lair:4   | You fall into a shaft and drop 1 floor!
 19949 | Lair:4   | Reached skill level 1 in Crossbows
 20537 | Lair:4   | Found a staircase to the Snake Pit.
 21158 | Lair:5   | Found a viscous altar of Jiyva.
 21158 | Lair:5   | Found a staircase to the Slime Pits.
 21511 | D:8      | Bought the +1 scale mail of Untruth {rElec rF+ rCorr MP+9
                  | Int-4} for 783 gold pieces
 22253 | Lair:6   | Entered Level 6 of the Lair of Beasts
 22424 | Lair:6   | Found a gate leading to a gauntlet.
 22436 | Gauntlet | Entered a Gauntlet
 22436 | Gauntlet | Found a transporter.
 22436 | Gauntlet | Found a transporter.
 22441 | Gauntlet | Found a transporter.
 22455 | Gauntlet | Found a transporter.
 22455 | Gauntlet | Found a transporter.
 22471 | Gauntlet | Found a transporter.
 22485 | Gauntlet | Found a transporter.
 22487 | Gauntlet | Found a transporter.
 22554 | Gauntlet | Found a transporter.
 22569 | Gauntlet | Found a transporter.
 22569 | Gauntlet | Found a transporter.
 22584 | Gauntlet | Found a transporter.
 22598 | Gauntlet | Found a transporter.
 22603 | Gauntlet | Found a transporter.
 22690 | Gauntlet | Found a transporter.
 22690 | Gauntlet | Found a transporter.
 22719 | Gauntlet | Noticed an ice dragon
 22719 | Gauntlet | a radroach changed into an ice dragon
 22721 | Gauntlet | an ice dragon changed into an anaconda
 22793 | Gauntlet | Reached XP level 14. HP: 109/116 MP: 28/30
 22797 | Gauntlet | Reached skill level 10 in Ice Magic
 22939 | Gauntlet | Noticed an eleionoma
 22939 | Gauntlet | an eleionoma changed into an iron troll
 22941 | Gauntlet | Noticed a fire giant
 22941 | Gauntlet | an iron troll changed into a fire giant
 22943 | Gauntlet | Noticed a fenstrider witch
 22943 | Gauntlet | a fire giant changed into a fenstrider witch
 22944 | Gauntlet | Noticed a frost giant
 22944 | Gauntlet | a fenstrider witch changed into a frost giant
 22955 | Gauntlet | Noticed a quicksilver dragon
 22955 | Gauntlet | an alligator snapping turtle changed into a quicksilver
                  | dragon
 22956 | Gauntlet | Noticed a shadow dragon
 22956 | Gauntlet | a quicksilver dragon changed into a shadow dragon
 22957 | Gauntlet | Reached skill level 13 in Fighting
 22964 | Gauntlet | Identified the +1 cloak of the Fife {rPois Str+4}
 23045 | Gauntlet | Noticed a dire elephant
 23046 | Gauntlet | a dire elephant changed into a death yak
 23069 | Gauntlet | Noticed a broodmother
 23069 | Gauntlet | an ettin changed into a broodmother
 23070 | Gauntlet | a broodmother changed into a great orb of eyes
 23085 | Gauntlet | Identified the +0 pair of boots of the Solstice {rElec
                  | rCorr Int-4}
 23474 | Lair:6   | Learned a level 2 spell: Wereblood
 23635 | Lair:6   | Reached skill level 1 in Transmutations
 24771 | Lair:6   | Reached skill level 5 in Transmutations
 25211 | D:8      | Acquired 916 gold pieces
 25213 | D:8      | Bought the -2 hat of the Alchemist {rElec rPois rF+ rC+ rN+
                  | Will+ rMut rCorr} for 755 gold pieces
 25213 | D:8      | Found the -2 hat of the Alchemist {rElec rPois rF+ rC+ rN+
                  | Will+ rMut rCorr}
 25655 | D:9      | Noticed Maurice
 25671 | D:9      | Killed Maurice
 25722 | D:9      | Noticed Erolcha
 25739 | D:9      | Killed Erolcha
 25763 | D:9      | Noticed Prince Ribbit
 25773 | D:9      | Killed Prince Ribbit
 25804 | D:9      | Found Gusah Woacwu's Assorted Antiques.
 26088 | D:9      | Identified the ring "Heinof" {rElec Str+3 Slay+4}
 26103 | D:9      | Reached XP level 15. HP: 82/123 MP: 32/32
 26435 | D:9      | Noticed Joseph
 26442 | D:9      | Killed Joseph
 26719 | D:9      | Bought a scroll of acquirement for 1664 gold pieces
 26719 | D:9      | Acquired a +5 double sword of electrocution
 26742 | D:10     | Entered Level 10 of the Dungeon
 26753 | D:10     | Reached skill level 10 in Armour
 26901 | D:10     | Found an ornate altar of the Wu Jian Council.
 26903 | D:10     | Found a hide-covered altar of Uskayaw.
 26953 | D:10     | Noticed Nergalle
 26967 | D:10     | Killed Nergalle
 27125 | D:10     | Noticed Sonja
 27137 | D:10     | Killed Sonja
 27138 | D:10     | Reached skill level 10 in Long Blades
 27264 | D:10     | Noticed Gastronok
 27615 | D:10     | Killed Gastronok
 27852 | D:11     | Reached skill level 5 in Stealth
 28465 | D:11     | Found a frozen archway.
 28499 | IceCv    | Entered an ice cave
 29214 | IceCv    | Reached skill level 5 in Evocations
 29261 | IceCv    | Noticed a frost giant
 29292 | IceCv    | Killed a frost giant
 29926 | D:11     | Found a staircase to the Orcish Mines.
 30942 | D:11     | Reached XP level 16. HP: 104/132 MP: 33/33
 31201 | Orc:1    | Entered Level 1 of the Orcish Mines
 31339 | Orc:1    | Found a dark tunnel.
 31354 | Volcano  | Entered a volcano
 31508 | Volcano  | Found a bloodstained altar of Trog.
 31613 | Volcano  | Reached skill level 14 in Fighting
 31933 | Orc:1    | Found a shimmering altar of Xom.
 31947 | Orc:1    | You are sucked into a shaft and drop 1 floor!
 31947 | Orc:2    | Entered Level 2 of the Orcish Mines
 32167 | D:9      | Bought the +3 pair of gauntlets of War {Slay+5} for 1520
                  | gold pieces
 32167 | D:9      | Found the +3 pair of gauntlets of War {Slay+5}
 32352 | Orc:1    | Found Obrorrun's Assorted Antiques.
 32981 | Orc:1    | Bought a pair of encrusted boots for 332 gold pieces
 32981 | Orc:1    | Identified the +2 pair of boots of the Onion {rPois} (You
                  | bought it in a shop on level 1 of the Orcish Mines)
 33140 | Orc:2    | Reached skill level 5 in Crossbows
 33682 | Orc:2    | Noticed Blork the orc
 33692 | Orc:2    | Killed Blork the orc
 34329 | Orc:2    | Found Idur Upt's Jewellery Shop.
 34345 | Orc:2    | Found Meffe's Antique Weapon Shop.
 34391 | Orc:2    | Found Asobeif's Antique Armour Shop.
 34465 | Orc:2    | Found Gecseyro's General Store.
 34479 | Orc:2    | Bought a potion of heal wounds for 70 gold pieces
 34559 | Orc:2    | Found a staircase to the Elven Halls.
 35488 | D:12     | Noticed Snorg
 35497 | D:12     | Killed Snorg
 36599 | D:13     | Found a portal to a secret trove of treasure.
 36635 | D:13     | Reached skill level 15 in Fighting
 37106 | D:13     | Found a shimmering blue altar of Sif Muna.
 37626 | D:14     | Identified the +0 helmet "Litrir" {Rampage rPois Str+4}
 38072 | D:14     | Found a gate to the Vaults.
 38573 | D:14     | Noticed a storm dragon
 38573 | D:14     | an entropy weaver changed into a storm dragon
 38576 | D:14     | a storm dragon changed into a minotaur
 39054 | D:14     | Identified the +7 quarterstaff of Defiance {flame, Str+8
                  | SInv}
 39294 | D:15     | Entered Level 15 of the Dungeon
 39457 | D:11     | Learned a level 4 spell: Passage of Golubria
 39556 | D:14     | Reached skill level 1 in Translocations
 40005 | D:15     | Reached XP level 17. HP: 141/143 MP: 35/35
 40416 | D:15     | Reached skill level 5 in Translocations
 41125 | D:15     | Noticed Rupert
 41138 | D:15     | Killed Rupert
 41360 | D:15     | Found a staircase to the Depths.
 41587 | D:15     | Identified the +12 morningstar "Ipijubia" {vorpal, rPois
                  | rF++}
 42105 | D:15     | Reached skill level 15 in Spellcasting
 42985 | Snake:1  | Entered Level 1 of the Snake Pit
 43064 | Snake:1  | Found Ifaorch's Distillery.
 43735 | Snake:1  | Reached skill level 5 in Air Magic
 43735 | Snake:1  | Reached skill level 5 in Poison Magic
 43753 | Snake:1  | Reached skill level 16 in Fighting
 46355 | Snake:2  | Found a shimmering altar of Xom.
 46365 | Snake:2  | Reached XP level 18. HP: 151/151 MP: 37/37
 47141 | D:11     | Bought Sif Muna's Handbook of the Traveller and Shape
                  | Shifting for 572 gold pieces
 47141 | D:11     | Bought a book of Burglary for 260 gold pieces
 47147 | D:11     | Learned a level 5 spell: Summon Forest
 47150 | D:11     | Learned a level 2 spell: Passwall
 47154 | D:11     | Learned a level 3 spell: Swiftness
 47569 | Snake:3  | Reached skill level 1 in Summonings
 47827 | Snake:3  | Noticed Nikola
 47846 | Snake:3  | Killed Nikola
 48372 | Snake:3  | Reached skill level 5 in Summonings
 48455 | Snake:3  | Identified the +11 quarterstaff "Wirhyrom" {holy, rC+}
 49480 | D:11     | Bought a Young Poisoner's Handbook for 340 gold pieces
 49485 | D:11     | Learned a level 4 spell: Olgreb's Toxic Radiance
 49814 | Snake:4  | Entered Level 4 of the Snake Pit
 50154 | Snake:4  | Found Illefoc's Book Emporium.
 51449 | Snake:4  | Found Emuohug's Armour Boutique.
 52724 | Snake:4  | Noticed Vashnia
 55625 | Snake:4  | Killed Vashnia
 56250 | Snake:4  | Got a serpentine rune of Zot
 56594 | Shoals:1 | Entered Level 1 of the Shoals
 56918 | Shoals:1 | Reached skill level 17 in Fighting
 57182 | Shoals:1 | Reached XP level 19. HP: 79/161 MP: 39/40
 58110 | Shoals:2 | Noticed Ilsuiw
 58120 | Shoals:2 | Noticed Aizul
 58139 | Shoals:2 | Killed Aizul
 58168 | Shoals:2 | Killed Ilsuiw
 59024 | Shoals:2 | Noticed Polyphemus
 59050 | Shoals:2 | Killed Polyphemus
 59695 | Shoals:2 | Learned a level 5 spell: Summon Mana Viper
 59757 | Shoals:2 | Reached skill level 1 in Hexes
 61157 | Shoals:3 | Reached skill level 18 in Fighting
 61198 | Shoals:3 | Noticed Mara
 61199 | Shoals:3 | Noticed AarnesTheHuman's illusion
 61217 | Shoals:3 | HP: 2/163 [alligator snapping turtle (23)]
 62194 | Shoals:3 | Found Wienkut's Armour Shop.
 62944 | Shoals:3 | Killed Mara
 62945 | Shoals:3 | Reached skill level 5 in Hexes
 63474 | D:8      | Bought +2 pearl dragon scales for 1734 gold pieces
 63652 | Shoals:3 | Identified Roxanne's Collected Works on Earth
 63652 | Shoals:3 | Noticed Roxanne
 64159 | Shoals:4 | Entered Level 4 of the Shoals
 64565 | Vaults:1 | Entered Level 1 of the Vaults
 65184 | Vaults:1 | Reached skill level 10 in Summonings
 65345 | Vaults:1 | Identified the amulet of Xiycotoz {Faith rN+ Will+ Regen+}
 66195 | Vaults:1 | Found the +9 heavy crossbow "Sniper" {vorpal, Acc+∞ SInv}
 66961 | Vaults:1 | Reached XP level 20. HP: 168/170 MP: 35/42
 67290 | Vaults:1 | Reached skill level 10 in Dodging
 68534 | Vaults:2 | Found a staircase to the Crypt.
 68820 | Vaults:2 | Identified the +0 ring mail of the Pits of Slime {Will++
                  | Int+3 Dex+3}
 68977 | Vaults:2 | Reached skill level 19 in Fighting
 71678 | Vaults:3 | Noticed an iron giant
 72036 | Vaults:3 | Reached XP level 21. HP: 96/181 MP: 19/44
 72960 | Vaults:3 | Reached skill level 20 in Fighting
 74143 | Vaults:4 | Found a magical portal.
 74165 | WizLab   | Entered Maxwell's Workshop
 74287 | WizLab   | Identified the ring "Pomorul" {Fire MP+9 Int-4 Slay+4}
 74719 | WizLab   | Reached skill level 10 in Translocations
 75498 | WizLab   | Reached skill level 21 in Fighting
 75512 | WizLab   | Identified the +0 pair of boots of Starshine {rF+ Will+
                  | Dex+5}
 76860 | Vaults:4 | Identified the +1 mace "Hac Pustibre" {chaos, rC+ rCorr
                  | Int+4}
 77686 | Vaults:4 | Reached XP level 22. HP: 194/194 MP: 45/45
 77983 | Vaults:4 | Identified the +4 ring mail of Ukueris {SInv}
 80943 | Elf:1    | Entered Level 1 of the Elven Halls
 81494 | Elf:1    | Reached skill level 15 in Long Blades
 81814 | Elf:1    | Got the Guide on Conjuration and Calling
 81821 | Elf:1    | Learned a level 5 spell: Lee's Rapid Deconstruction
 82014 | Elf:1    | Reached skill level 1 in Earth Magic
 82552 | Elf:1    | Paralysed by an air elemental for 1 turns
 82554 | Elf:1    | Paralysed by an air elemental for 1 turns
 83591 | Elf:2    | Found Kiziceen's Assorted Antiques.
 83611 | Elf:2    | Bought a scroll of blinking for 172 gold pieces
 83631 | Elf:2    | Found Noawnups's Book Emporium.
 83670 | Elf:2    | Paralysed by an air elemental for 1 turns
 83671 | Elf:2    | Reached skill level 5 in Earth Magic
 83950 | Elf:1    | Learned a level 6 spell: Summon Cactus Giant
 84018 | Elf:1    | Found a radiant altar of Vehumet.
 84089 | Elf:2    | Noticed Saint Roka
 84236 | Elf:2    | Killed Saint Roka
 84611 | Elf:2    | Found Ralaqaz's Antique Weapon Boutique.
 84692 | Elf:2    | Found Hilociut's Jewellery Boutique.
 84693 | Elf:2    | Paralysed by an air elemental for 1 turns
 84702 | Elf:2    | Paralysed by an air elemental for 1 turns
 85018 | Elf:2    | Found a runed translucent gate.
 85019 | Elf:2    | Found a runed translucent gate.
 85019 | Elf:2    | Found a runed translucent gate.
 85154 | Elf:3    | Entered Level 3 of the Elven Halls
 85491 | Elf:3    | Found an ancient bone altar of Kikubaaqudgha.
 85611 | Elf:3    | Identified the +1 robe of the Morning {rN+ Int-5 Dex+2}
 86975 | Elf:3    | Reached skill level 10 in Conjurations
 87312 | Elf:3    | Learned a level 4 spell: Summon Lightning Spire
 87439 | Elf:3    | Identified the amulet of Makhleb's Vengeance {Spirit rCorr}
 87442 | Elf:3    | Reached XP level 23. HP: 200/200 MP: 12/46
 87442 | Elf:3    | Identified the ring "Tubedwog" {Wiz rElec rN+ Dex+8}
 87462 | Elf:3    | Identified the +6 spear of Karma {vorpal, rF+}
 87894 | Elf:3    | Identified the +2 plate armour of Mienawka {rF- Regen+
                  | Str-3 SInv}
 88108 | Elf:3    | Identified the +2 spear "Eclokig" {venom, rF- Str+5 Int+7}
 88287 | Elf:3    | Identified the +3 mace of Zeit {elec, rElec Str+6}
 88730 | Elf:3    | Identified the +11 hand crossbow "Arbiter" {penet, rF+
                  | Str+4}
 88737 | Elf:3    | Got Mixamim's Guide on Curses and Transmigration
 89144 | Depths:1 | Entered Level 1 of the Depths
 89190 | Depths:1 | Reached skill level 22 in Fighting
 89286 | Depths:1 | Found a one-way gateway to a ziggurat.
 89333 | Depths:1 | Found a radiant altar of Vehumet.
 89417 | Depths:1 | Learned a level 7 spell: Malign Gateway
 89534 | Depths:1 | Noticed Morar's ghost (veteran PaBe)
 89699 | Depths:1 | Found a runed translucent door.
 90227 | Depths:1 | Found a gateway to Hell.
 90227 | Depths:1 | You fall into a shaft and drop 1 floor!
 90227 | Depths:2 | Found a one-way gate leading to the halls of Pandemonium.
 90777 | Shoals:1 | Learned a level 3 spell: Summon Guardian Golem
 91280 | Depths:2 | Reached skill level 15 in Summonings
 91865 | Depths:2 | Noticed a caustic shrike
 91869 | Depths:2 | Killed a caustic shrike
 93341 | Depths:2 | Reached XP level 24. HP: 210/210 MP: 46/47
 94157 | Depths:2 | Reached skill level 10 in Shields
 94430 | Depths:2 | Identified the +5 dagger of Greatest Utility {holy, rN+}
 95026 | Depths:2 | Identified the amulet "Goguc" {Regen+ Stlth+}
 95259 | Orc:1    | Bought a scroll of enchant armour for 262 gold pieces
 96083 | Shoals:4 | Identified the +5 trident "Beastbane" {venom, rElec rN+}
 96870 | Shoals:4 | Reached skill level 23 in Fighting
 96959 | Shoals:4 | Got a barnacled rune of Zot
 96964 | Shoals:4 | Identified the +1 leather armour of Unreason {*Slow rN++
                  | Str+7}
 97584 | Snake:1  | Bought a potion of might for 64 gold pieces
 97926 | Elf:2    | Bought a potion of invisibility for 184 gold pieces
 98854 | Depths:1 | Killed Morar's ghost
 99153 | Depths:3 | Found a one-way gate to the infinite horrors of the Abyss.
100485 | Depths:3 | Reached XP level 25. HP: 221/221 MP: 31/48
100741 | Depths:3 | Found Paiq's Book Shop.
100743 | Depths:3 | Found Geynagob's Jewellery Emporium.
100744 | Depths:3 | Found Fenyn's Book Shop.
100814 | Depths:3 | Identified the ring "Iphautt" {rPois rC- rCorr Int+2 Dex+6}
101735 | Depths:3 | Identified the +2 robe of Feasting {rF+}
102182 | Elf:2    | Bought an Inescapable Atlas for 510 gold pieces
102185 | Elf:2    | Learned a level 2 spell: Blink
102472 | Depths:4 | Entered Level 4 of the Depths
104084 | Depths:4 | Got the Guide on Transformation
104099 | Depths:4 | Noticed a juggernaut
104107 | Depths:4 | Killed a juggernaut
104350 | Depths:4 | Got the Almanac of Earth
104357 | Depths:4 | Learned a level 5 spell: Borgnjor's Vile Clutch
104604 | Depths:4 | Reached skill level 1 in Necromancy
104845 | Depths:4 | Paralysed by an air elemental for 1 turns
104848 | Depths:4 | Paralysed by an air elemental for 1 turns
104851 | Depths:4 | Paralysed by an air elemental for 1 turns
105162 | Depths:4 | Got the Compendium of Air
105620 | Depths:4 | Got Borgnjor's Tome of Evil
106144 | Vaults:5 | Entered Level 5 of the Vaults
106886 | Vaults:5 | Reached skill level 24 in Fighting
107102 | Vaults:5 | Reached XP level 26. HP: 226/231 MP: 21/49
107103 | Vaults:5 | Reached skill level 15 in Translocations
107114 | Vaults:5 | Reached skill level 5 in Necromancy
107356 | Vaults:5 | Noticed Mennas
107393 | Vaults:4 | Killed Mennas
108395 | Vaults:5 | Got a silver rune of Zot
109079 | Vaults:5 | Identified the +0 robe of Lust {Str-4 Int+6}
109098 | Vaults:5 | Identified the +1 shortbow "Meryudduo" {freeze, Drain rPois
                  | Dex+3}
109240 | Vaults:5 | Identified the +6 arbalest "Xogofoeg" {freeze, rF+ rN+
                  | Int+2}
109470 | Vaults:5 | Noticed Xtahua
109478 | Vaults:5 | Killed Xtahua
109840 | Vaults:5 | Reached skill level 25 in Fighting
109882 | Vaults:5 | Noticed Frederick
110029 | Vaults:5 | Killed Frederick
110846 | Vaults:5 | Noticed Jory
110857 | Vaults:5 | Killed Jory
111761 | Vaults:5 | Identified the +2 rapier of Zattil {drain, Drain Will+++}
112184 | Vaults:5 | Identified the +3 scale mail "Zelesoad" {rC+ rN+ Will+
                  | Slay+3}
112666 | Vaults:5 | Identified the +0 pair of boots of Daffodils {Int+5}
114544 | Depths:4 | Found a gate to the Realm of Zot.
114557 | Zot:1    | Entered Level 1 of the Realm of Zot
115016 | D:11     | Bought a scroll of amnesia for 52 gold pieces
115024 | D:11     | Learned a level 6 spell: Iron Shot
116741 | Zot:2    | Reached XP level 27. HP: 244/244 MP: 21/50
116947 | Zot:2    | Reached skill level 26 in Fighting
119328 | Zot:2    | Identified the +4 leather armour of Mutualism {rPois Int+3
                  | Dex+6}
121589 | Zot:4    | Acquired 719 gold pieces
121591 | Zot:4    | Acquired the +4 cloak of the Unseen Realm {-Tele +Inv
                  | rCorr}
122350 | Zot:4    | Acquired 903 gold pieces
123070 | Zot:5    | Entered Level 5 of the Realm of Zot
123662 | Zot:5    | Reached skill level 27 in Fighting
124608 | Zot:5    | Noticed an orb of fire
124612 | Zot:5    | Noticed an ancient lich
124615 | Zot:5    | Noticed an orb of fire
124631 | Zot:5    | Killed an ancient lich
124640 | Zot:5    | Noticed a dread lich
124647 | Zot:5    | Reached skill level 15 in Armour
124650 | Zot:5    | Killed a dread lich
124713 | Zot:5    | Noticed an orb of fire
124914 | Zot:5    | Gained mutation: Your spells are a little easier to cast,
                  | but a little less powerful. [an orb of fire]
124915 | Zot:5    | Killed an orb of fire
124961 | Zot:5    | Noticed an ancient lich
124971 | Zot:5    | Killed an ancient lich
125170 | Zot:5    | Noticed an ancient lich
125179 | Zot:5    | Killed an ancient lich
126823 | Zot:5    | Got the Orb of Zot
126903 | Zot:3    | Noticed Cacameis the pandemonium lord
127410 | D:$      | Escaped with the Orb!

Illustrated notes

Levels and vault maps discovered:
D:1:      dpeg_arrival_subterranean_lakeside_camping, layout_basic,
          serial_shops, shop
D:2:      layout_loops_cross, hangedman_decor_growths,
          kennysheep_generic_room_14, uniq_terence
D:3:      layout_basic, hellmonk_ecumenical_altar_zigzags, serial_aquarium,
          aquarium_bridge_square [aquarium_subvault_bridge,
          aquarium_subvault_bridge, aquarium_subvault_bridge,
          aquarium_subvault_balcony], aquarium_window_1, aquarium_window_fake,
          aquarium_view_4, aquarium_balcony_5b, aquarium_pool_side,
          serial_shops, shop
D:4:      layout_basic, chequers_temple_overflow_statue_of_worship,
          beargit_hepliaklqana_dungeon_heroes, minmay_misc_feat_plants,
          uniq_natasha
D:5:      layout_loops_corners, serial_glass, glass_columns_a, glass_columns_b,
          glass_columns_a, glass_columns_b, glass_columns_a, glass_columns_b,
          uniq_ijyb
D:6:      layout_basic, grunt_qazlal_clouds,
          minmay_temple_entry_statues_pillars, serial_shops,
          nicolae_take_the_stairs, corexii_item_surrounded_by_moat,
          chequers_serial_rivers_small_3, minmay_tree_intersection,
          amcnicky_mini_pool_small, nicolae_stop_n_shop_1
D:7:      layout_basic, uniq_maggie
D:8:      layout_basic, lair_entry_dummy, minmay_orc_keep
D:9:      minmay_the_grid_triangle_9x9_rhombus_full
          [minmay_the_grid_triangle_9x9_zippers_vertical,
          minmay_the_grid_triangle_9x9_zippers_horizontal,
          minmay_the_grid_triangle_9x9_flanged_cone,
          minmay_the_grid_triangle_9x9_thin_v,
          minmay_the_grid_triangle_9x9_longest,
          minmay_the_grid_triangle_9x9_cache,
          minmay_the_grid_triangle_9x9_sprig,
          minmay_the_grid_triangle_9x9_prize_center], layout_loops_cross,
          serial_shops, shop_statue, amcnicky_mini_pool_medium, uniq_maurice,
          uniq_prince_ribbit1, uniq_joseph, uniq_erolcha
D:10:     hellmonk_paralyzer, layout_basic, minitemple, uniq_gastronok,
          uniq_sonja, uniq_nergalle
D:11:     minmay_inside_and_out, layout_basic, orc_0_dummy,
          portal_ice_cave_entry_pillars_1
D:12:     layout_stronghold, chequers_serial_rivers_room_b, minmay_door_square,
          uniq_snorg
D:13:     layout_loops_ring, enter_trove_0, nicolae_sif_muna_condensation
D:14:     layout_layer_cave, hangedman_vaults_entry_quadrant_bands,
          minmay_staircase_windowed_large, kennysheep_four_rooms
D:15:     hangedman_depths_entry_try_elsewhere_first, layout_irregular_city,
          hangedman_abyss_or_decor_lesser_grid, evilmike_minifort, uniq_rupert
Temple:   regret_index_temple_generic_petals
Lair:1:   layout_layer_cave, cheibrodos_lair_lostbears, lemuel_fruit_fields,
          infiniplex_staircase_pool_2
Lair:2:   layout_cave_pods, minmay_shoals_entry_centaurs, grunt_megastairs_3
Lair:3:   layout_cave_shapes, nicolae_quartered_pool_medium, grunt_megastairs_1,
          infiniplex_staircase_pool, lemuel_fruit_fields, serial_bayou_shore_a
Lair:4:   layout_gridlike, guppyfry_snake_entry_garden,
          grunt_forest_small_clearings
Lair:5:   layout_gridlike, dpeg_slime_entry_enclosed_altar
Lair:6:   evilmike_catoblepas_cave, layout_layer_cave, gauntlet_entry_generic,
          serial_forest, infiniplex_forest_clump_small,
          infiniplex_forest_clump_medium, infiniplex_forest_clump_small,
          infiniplex_forest_end_3, infiniplex_forest_clump_small,
          infiniplex_forest_clump_diagonal, infiniplex_forest_lined_room_2,
          infiniplex_forest_straight_1, infiniplex_forest_clump_medium,
          grunt_forest_small_clearing_treed
Shoals:1: layout_shoals
Shoals:2: layout_shoals, uniq_ilsuiw, uniq_aizul, uniq_polyphemus
Shoals:3: layout_shoals, serial_shops, nicolae_shop_waterfront, uniq_mara,
          uniq_roxanne
Shoals:4: shoals_end_hellmonk_lost_city
Snake:1:  layout_honeycomb, serial_shops, shop,
          nicolae_snake_ghostly_warrior_ritual
Snake:2:  nicolae_snake_crotalidae_crossing, layout_basic, basic_altar,
          nicolae_snake_lava_pool, lemuel_fruit_tree
Snake:3:  layout_grid_maze, grunt_ministairs_10, uniq_nikola
Snake:4:  grunt_snake_rune_serpentine_throne, layout_cave_town, serial_shops,
          shop, shop
Orc:1:    layout_caves, serial_shops, shop, nicolae_volcano_entry_s_turn,
          basic_altar, mines2_david
Orc:2:    grunt_orc_cross, layout_diamond_mine
Elf:1:    layout_loops_corners, minmay_elf_sorcery, onia_ninara_cookie,
          lemuel_upstairs_altar
Elf:2:    nicolae_elf_blades_crystal_corner, layout_geoelf_diagonals,
          serial_shops, nicolae_shop_overgrown_old_shop, nicolae_diamond_shop,
          shop, shop, minivault_20, uniq_saint_roka
Elf:3:    elf_hall, layout_gridlike, basic_altar
Vaults:1: hangedman_vaults_hat, vaults_room_pool, v_misc_1,
          vaults_mumra_minichess_inversion, nicolae_vaults_bisected_slash,
          nicolae_vaults_circle_grid_a, nicolae_vaults_yaktaur_gun_rack,
          vaults_standard_mumra_x, ontoclasm_vaults_spin,
          ontoclasm_vaults_idyll, layout_vaults_omnigrid
Vaults:2: portal_desolation_entry_twin_temple,
          hangedman_vaults_stretched_pinwheel, grunt_vaults_trifunnel,
          ontoclasm_vaults_fault, v_misc_2, minmay_crypt_entry_simple_round,
          hangedman_vaults_stitches, vaults_room_semicircle, v_pattern_1,
          nicolae_vaults_little_squares_3, nicolae_vaults_ring_of_whatevers,
          ontoclasm_vaults_chip, nicolae_vaults_murderbox,
          hangedman_vaults_stream, vaults_room_stairs_pillars,
          layout_vaults_maze_snakey
Vaults:3: hangedman_vaults_corner, ontoclasm_vaults_bender,
          hangedman_vaults_maws, v_misc_9, v_misc_28, vaults_dpeg_hooks,
          vaults_dpeg_spiral, v_alt_pattern_2, nicolae_vaults_little_squares_4,
          layout_vaults_big_room
Vaults:4: lightli_enter_wizlab_magi_temple, vaults_mumra_minichess,
          nicolae_vaults_ring_of_whatevers, v_alt_pattern_6,
          hangedman_vaults_slice, nicolae_vaults_branching_niches,
          grunt_vaults_swirl, v_misc_14, nicolae_vaults_little_squares_6,
          hangedman_vaults_unwind, v_misc_11, grunt_vaults_hallway_short,
          vaults_room_stairs_pillars, layout_vaults_omnicross
Vaults:5: uniq_jory, uniq_xtahua, uniq_frederick, uniq_mennas
Depths:1: layout_roguey, enter_ziggurat_f, pf_hell_entry_tar_spiral,
          hex_intersection, hellmonk_ghost_happy_afterlife,
          nicolae_vehumet_radiance
Depths:2: minmay_octagon_city, layout_honeycomb, pf_vacation_house_of_asmodeus,
          rand_demon_pan_entry_8
Depths:3: grunt_house_of_mirrors, layout_gridlike, hangedman_decor_opposing,
          lightli_too_deep, abyss_entry, serial_bayou_shore_b,
          infiniplex_staircase_spiral, minmay_shop_grove
Depths:4: grunt_zot_entry_gee_three, layout_gridville,
          serial_hangedman_research, hangedman_research_geology,
          hangedman_research_metamorphosis, hangedman_research_thanatology,
          hangedman_research_electronics, abyss_entry_small_statue_room,
          hell_entry, hangedman_abyss_or_decor_passed
Zot:1:    layout_basic, hangedman_spider_trapstep
Zot:2:    layout_gridlike, st_stairs_1
Zot:3:    grunt_deathspiral_small, layout_cathedral_of_symmetry
Zot:4:    kennysheep_oblong_rooms, layout_twisted_circle
Zot:5:    layout_cellular_growth

Skill      XL: |  1  2  3  4  5  6  7  8  9 10 11 12 13 14 15 16 17 18 19 20 21 22 23 24 25 26 27 |
---------------+----------------------------------------------------------------------------------+-----
Stealth        | 2 3 4 5 6 |  6.0
Ice Magic      | 5 6 7 9 10 | 10.0
Spellcasting   | 3 4 5 6 8 9 10 11 12 13 14 15 17 18 19 20 21 22 23 24 | 24.0
Armour         | 1 2 3 4 6 7 9 10 11 12 13 14 16 | 16.6
Fighting       | 3 4 5 7 8 9 10 11 12 13 15 16 17 18 19 21 22 23 24 25 27 | 27.0
Air Magic      | 2 3 4 5 |  5.0
Poison Magic   | 2 3 4 5 6 7 |  7.0
Evocations     | 2 3 5 6 |  6.0
Shields        | 5 6 7 8 9 10 11 12 | 12.8
Dodging        | 3 4 5 7 8 9 10 11 12 13 14 | 14.6
Conjurations   | 2 5 6 7 8 9 10 | 10.0
Long Blades    | 8 9 12 13 14 16 | 16.0
Crossbows      | 3 4 5 |  5.0
Transmutations | 5 6 7 |  7.0
Translocations | 3 6 7 8 10 11 13 14 15 | 15.0
Summonings     | 7 10 11 12 14 16 17 18 | 18.0
Hexes          | 6 7 |  7.0
Earth Magic    | 7 9 |  9.0
Necromancy     | 4 5 7 |  7.0

Action                   |  1- 3 |  4- 6 |  7- 9 | 10-12 | 13-15 | 16-18 | 19-21 | 22-24 | 25-27 || total
-------------------------+-------+-------+-------+-------+-------+-------+-------+-------+-------++-------
Melee: Dagger            |     5 |    59 |   167 |   138 |       |       |       |       |       ||   369
       Long sword        |       |       |       |   107 |   603 |    28 |     9 |       |       ||   747
       Double sword      |       |       |       |       |    56 |   662 |   911 |   526 |   631 ||  2786
 Fire: Hunting sling     |       |    24 |    20 |     7 |       |       |       |       |       ||    51
       Hand crossbow     |       |       |       |       |   268 |   677 |   204 |   116 |     7 ||  1272
Throw: Stone             |     5 |     2 |     2 |    10 |     8 |       |       |       |       ||    27
       Throwing net      |       |       |     2 |       |       |     7 |       |     2 |     3 ||    14
       Dart              |       |       |     4 |       |       |     1 |     1 |       |       ||     6
 Cast: Freeze            |    38 |    44 |    23 |    63 |    54 |    13 |    13 |       |       ||   248
       Frozen Ramparts   |     1 |    15 |    41 |    51 |   113 |   123 |    87 |    32 |    26 ||   489
       Ozocubu's Armour  |       |     7 |    35 |    50 |    99 |   119 |    95 |    41 |    36 ||   482
       Poisonous Vapours |       |       |    15 |   102 |   141 |   246 |   178 |   153 |   146 ||   981
       Hailstorm         |       |       |       |       |     7 |    14 |    18 |       |     2 ||    41
       Wereblood         |       |       |       |       |    27 |    52 |    35 |     4 |       ||   118
       Passage of Golubr |       |       |       |       |       |    10 |    11 |    23 |    20 ||    64
       Passwall          |       |       |       |       |       |     5 |       |       |       ||     5
       Olgreb's Toxic Ra |       |       |       |       |       |     4 |    59 |    24 |    14 ||   101
       Summon Forest     |       |       |       |       |       |     1 |    30 |    96 |    65 ||   192
       Summon Mana Viper |       |       |       |       |       |       |     8 |    56 |    16 ||    80
       Swiftness         |       |       |       |       |       |       |     1 |     1 |       ||     2
       Summon Cactus Gia |       |       |       |       |       |       |       |    42 |    29 ||    71
       Lee's Rapid Decon |       |       |       |       |       |       |       |    19 |    27 ||    46
       Summon Lightning  |       |       |       |       |       |       |       |    24 |    28 ||    52
       Summon Guardian G |       |       |       |       |       |       |       |    41 |    39 ||    80
       Malign Gateway    |       |       |       |       |       |       |       |    38 |    60 ||    98
       Borgnjor's Vile C |       |       |       |       |       |       |       |       |   182 ||   182
       Blink             |       |       |       |       |       |       |       |       |     6 ||     6
       Iron Shot         |       |       |       |       |       |       |       |       |    22 ||    22
Invok: Call Merchant     |       |       |       |       |     2 |     4 |       |     2 |     1 ||     9
       Potion Petition   |       |       |       |       |       |       |     1 |       |     1 ||     2
       Bribe Branch      |       |       |       |       |       |       |       |       |     4 ||     4
 Abil: Hop               |       |       |     1 |       |     2 |     2 |     2 |     2 |     2 ||    11
Evoke: Wand              |       |       |     4 |       |     1 |       |     4 |     4 |     5 ||    18
       Phantom mirror    |       |       |       |       |       |     2 |     1 |       |     1 ||     4
       Tin of tremorston |       |       |       |       |       |     1 |     1 |       |       ||     2
  Use: Scroll            |       |     9 |     9 |     4 |    11 |     6 |     3 |     9 |    18 ||    69
       Potion            |       |       |     1 |       |       |       |     3 |     1 |     7 ||    12
 Stab: Sleeping          |     2 |     1 |     2 |     1 |     2 |     1 |     2 |     2 |       ||    13
       Distracted        |       |       |       |       |     3 |     4 |    13 |    23 |    20 ||    63
       Petrified         |       |       |       |       |       |       |     4 |       |       ||     4
Armor: Leather armour    |     8 |    37 |    86 |   141 |    74 |       |       |       |       ||   346
       Scale mail        |       |       |       |       |   292 |   284 |   108 |       |       ||   684
       Pearl dragon scal |       |       |       |       |       |       |   358 |   231 |   349 ||   938
Dodge: Dodged            |    16 |    46 |   102 |   159 |   367 |   331 |   440 |   307 |   477 ||  2245
Block: Buckler           |       |       |    13 |    75 |   340 |   488 |   599 |   301 |   472 ||  2288
       Reflection        |       |       |       |       |    26 |   100 |    80 |    64 |    28 ||   298
